 Dungeon Crawl Stone Soup version 0.26-a0-1053-gaff5f71418 (webtiles) character file.

Game seed: 15683616205612784106

8893 vurker the Covert (level 11, 0/81 HPs)
             Began as a Gnoll Enchanter on Dec 12, 2020.
             Was a Believer of Cheibriados.
             Killed by vampiric draining
             ... invoked by a vampire
              (14 damage)
             ... on level 10 of the Dungeon.
             The game lasted 00:18:47 (11559 turns).

vurker the Covert (Gnoll Enchanter)                Turns: 11559, Time: 00:18:47

Health: 0/81       AC: 11    Str: 16    XL:     11   Next: 38%
Magic:  23/23      EV: 19    Int: 26    God:    Cheibriados [**....]
Gold:   606        SH:  0    Dex: 26    Spells: 26/26 levels left

rFire    . . .     SeeInvis .   u - +0 rapier (holy)
rCold    . . .     Faith    .   (no shield)
rNeg     . . .     Spirit   .   e - +0 troll leather armour
rPois    .         Reflect  .   y - +1 helmet
rElec    .         Harm     .   x - +0 cloak
rCorr    .         Rampage  .   k - +0 pair of gloves
Will     .....                  q - +0 pair of boots
Stlth    ++........             j - amulet of magic regeneration
HPRegen  0.63/turn              n - +6 ring of dexterity
MPRegen  0.43/turn              (no ring)

@: confused, mighty, very slow
A: distributed training, fangs 1, strong nose
a: Bend Time, Renounce Religion


You were on level 10 of the Dungeon.
You worshipped Cheibriados.
Cheibriados was pleased with you.
You visited 1 branch of the dungeon, and saw 10 of its levels.

You collected 676 gold pieces.
You spent 70 gold pieces at shops.

Inventory:

Hand Weapons
 b - a +3 short sword of venom
   (You took it off Terence on level 3 of the Dungeon)
 u - a +0 rapier of holy wrath (weapon)
   (You found it on level 9 of the Dungeon)
Missiles
 f - 56 poisoned darts (quivered)
Armour
 e - a +0 troll leather armour (worn)
   (You found it on level 9 of the Dungeon)
 k - a +0 pair of gloves (worn)
   (You found it on level 4 of the Dungeon)
 q - a +0 pair of boots (worn)
   (You found it on level 2 of the Dungeon)
 x - a +0 cloak (worn)
   (You found it on level 10 of the Dungeon)
 y - a +1 helmet (worn)
   (You found it on level 3 of the Dungeon)
Jewellery
 j - an amulet of magic regeneration (around neck)
   (You found it on level 5 of the Dungeon)
 n - a +6 ring of dexterity (left hand)
   (You found it on level 1 of the Dungeon)
Wands
 c - a wand of disintegration (8)
   (You took it off an orc on level 7 of the Dungeon)
 t - a wand of flame (34)
   (You found it on level 5 of the Dungeon)
 v - a wand of digging (6)
   (You found it on level 6 of the Dungeon)
 z - a wand of polymorph (7)
   (You took it off Grinder on level 3 of the Dungeon)
Scrolls
 a - 2 scrolls of fear
 i - 2 scrolls of amnesia
 l - 4 scrolls of magic mapping
 m - 8 scrolls of remove curse
 A - 2 scrolls of immolation
Potions
 d - a potion of invisibility
 g - a potion of mutation
 h - 2 potions of resistance
 o - 2 potions of flight
 r - 2 potions of might
 s - a potion of magic {unknown}
 w - 2 potions of lignification
 B - a potion of berserk rage {unknown}


   Skills:
 + Level 6.2 Fighting
 + Level 6.8 Short Blades
 + Level 6.2 Long Blades
 + Level 6.2 Axes
 + Level 6.2 Maces & Flails
 + Level 6.2 Polearms
 + Level 6.2 Staves
 + Level 6.2 Slings
 + Level 6.2 Bows
 + Level 6.2 Crossbows
 + Level 6.2 Throwing
 + Level 6.2 Armour
 + Level 7.8 Dodging
 + Level 8.7 Stealth
 + Level 6.2 Shields
 + Level 6.2 Unarmed Combat
 + Level 8.1 Spellcasting
 + Level 5.1 Conjurations
 + Level 7.6 Hexes
 + Level 5.1 Summonings
 + Level 5.1 Necromancy
 + Level 5.1 Translocations
 + Level 5.1 Transmutations
 + Level 5.1 Fire Magic
 + Level 5.1 Ice Magic
 + Level 5.1 Air Magic
 + Level 5.1 Earth Magic
 + Level 5.1 Poison Magic
 + Level 6.8 Invocations
 + Level 6.2 Evocations


You had 26 spell levels left.
You didn't know any spells.
Your spell library contained the following spells:

 Spells                   Type           Power        Failure   Level
 Animate Skeleton         Necr           #####.       1%          1
 Corona                   Hex            ######.      1%          1
 Pain                     Necr           ####         1%          1
 Summon Small Mammal      Summ           ####         1%          1
 Call Imp                 Summ           #####...     1%          2
 Ensorcelled Hibernation  Hex/Ice        #####.       1%          2
 Slow                     Hex            ######..     1%          2
 Confusing Touch          Hex            ######..     1%          3
 Dazzling Flash           Conj/Hex       #####.       1%          3
 Inner Flame              Hex/Fire       #####...     1%          3
 Portal Projectile        Hex/Tloc       #####.       1%          3
 Summon Guardian Golem    Hex/Summ       #####...     1%          3
 Tukima's Dance           Hex            ######..     1%          3
 Call Canine Familiar     Summ           #####...     2%          3
 Vampiric Draining        Necr           #####.....   2%          3
 Cause Fear               Hex            ######....   2%          4
 Leda's Liquefaction      Hex/Erth       #####.....   4%          4
 Animate Dead             Necr           #####.....   8%          4
 Summon Ice Beast         Ice/Summ       #####...     8%          4
 Summon Lightning Spire   Summ/Air       #####...     8%          4
 Agony                    Necr           #####...     22%         5


Dungeon Overview and Level Annotations

Branches:
Dungeon (10/15)            Temple (0/1) D:4             Orc (0/2) D:9
   Lair: D:8-11

Altars:
Ashenzari
Cheibriados
Elyvilon
Gozag
Hepliaklqana
Okawaru
Sif Muna
Trog
Uskayaw

Shops:
D:4 !


Innate Abilities, Weirdness & Mutations

Your experience applies equally to all skills.
You have very sharp teeth.
Your uncanny sense of smell can sniff out nearby items.


Message History

You barely miss something. You punch something. Something hits you.
* * * LOW HITPOINT WARNING * * *
Something barely misses you.
You barely miss something. You miss something. Something barely misses you.
Something bites you.
* * * LOW HITPOINT WARNING * * *
Something draws strength from your injuries!
You hit something but do no damage.
Unholy energy fills the air.
* * * LOW HITPOINT WARNING * * *
You closely miss something.
You hear some strange, mumbled words.
You are confused.
Something hits you but does no damage. Something completely misses you.
Something barely misses you. Something completely misses you.
You hear some strange, mumbled words.
Something tries to affect you, but you resist.
Unknown command.
You feel less confused.
You hear some strange, mumbled words.
You are confused.
There is an open door here.
Something closely misses you. Something barely misses you.
Something hits you but does no damage. Something bites you but does no damage.
You bump into the rock wall.
Something hits you!
* * * LOW HITPOINT WARNING * * *
Something bites you but does no damage.
You feel better. Something hits you!
* * * LOW HITPOINT WARNING * * *
Something bites you but does no damage.
You feel much better. Something hits you.
* * * LOW HITPOINT WARNING * * *
Something bites you but does no damage.
Unknown command.
You feel very mighty all of a sudden.
Unholy energy fills the air.
* * * LOW HITPOINT WARNING * * *
You puncture something!
Unholy energy fills the air.
* * * LOW HITPOINT WARNING * * *
You puncture something! You closely miss something.
You hear some strange, mumbled words.
You are confused.
You bump into the rock wall.
Unholy energy fills the air.
You die...

#..........#
#.......)..#
#......)...#
#..........########
#..........'.......
#..........########
#..........#
######'##### #.@#
##{# #)# #)#
######'######
#....)(.....#
#...........#
#...........#
#...........+


There were no monsters in sight!

Vanquished Creatures
  Harold (D:7)
  4 two-headed ogres
  Nergalle (D:10)
  Joseph (D:7)
  A troll (D:9)
  Grinder (D:3)
  Prince Ribbit (D:7)
  Sigmund (D:3)
  A wyvern (D:8)
  6 yaks (D:9)
  Menkaure (D:4)
  Duvessa (D:6)
  An ice beast (D:6)
  3 sky beasts
  4 necrophages
  A centaur (D:9)
  4 ogres
  3 bullfrogs
  An elf zombie (D:7)
  An elf skeleton (D:7)
  3 scorpions
  Dowan (D:6)
  4 wights (D:10)
  2 electric eels (D:5)
  3 howler monkeys
  2 hounds
  A centaur zombie (D:9)
  3 jellies
  2 orc priests (D:5)
  2 orc wizards (D:6)
  A human skeleton (D:7)
  Terence (D:3)
  4 iguanas
  2 worker ants
  A hound skeleton (D:5)
  12 gnolls
  5 adders
  2 shadow imps (D:7)
  2 white imps
  An ufetubus (D:10)
  An ooze (D:3)
  2 adder skeletons
  5 worms
  4 leopard geckos
  16 orcs
  3 bats
  8 giant cockroaches
  3 goblins
  10 hobgoblins
  4 jackals
  3 ball pythons
  7 frilled lizards
  9 kobolds
  A leopard gecko zombie (D:5)
  An orc skeleton (D:7)
  2 orc zombies (D:7)
  3 rats (D:1)
174 creatures vanquished.

Vanquished Creatures (others)
  2 plants (D:5)
2 creatures vanquished.

Grand Total: 176 creatures vanquished

Notes
Turn   | Place    | Note
-------+----------+-------------------------------------------
     0 | D:1      | vurker the Gnoll Enchanter began the quest for the Orb.
     0 | D:1      | Reached XP level 1. HP: 13/13 MP: 6/6
   213 | D:1      | Reached XP level 2. HP: 12/19 MP: 7/7
  1336 | D:2      | Reached XP level 3. HP: 25/25 MP: 9/9
  1363 | D:2      | Reached skill level 5 in Spellcasting
  1565 | D:2      | Reached skill level 1 in Invocations
  2118 | D:3      | Reached skill level 1 in Fighting
  2118 | D:3      | Reached skill level 1 in Long Blades
  2118 | D:3      | Reached skill level 1 in Axes
  2118 | D:3      | Reached skill level 1 in Maces & Flails
  2118 | D:3      | Reached skill level 1 in Polearms
  2118 | D:3      | Reached skill level 1 in Staves
  2118 | D:3      | Reached skill level 1 in Slings
  2118 | D:3      | Reached skill level 1 in Bows
  2118 | D:3      | Reached skill level 1 in Crossbows
  2118 | D:3      | Reached skill level 1 in Throwing
  2118 | D:3      | Reached skill level 1 in Armour
  2118 | D:3      | Reached skill level 1 in Shields
  2118 | D:3      | Reached skill level 1 in Unarmed Combat
  2118 | D:3      | Reached skill level 1 in Evocations
  2142 | D:3      | Noticed Grinder
  2155 | D:3      | Reached XP level 4. HP: 31/32 MP: 11/11
  2284 | D:3      | Noticed Terence
  2294 | D:3      | Killed Terence
  2295 | D:3      | Reached skill level 1 in Conjurations
  2295 | D:3      | Reached skill level 1 in Summonings
  2295 | D:3      | Reached skill level 1 in Necromancy
  2295 | D:3      | Reached skill level 1 in Translocations
  2295 | D:3      | Reached skill level 1 in Transmutations
  2295 | D:3      | Reached skill level 1 in Fire Magic
  2295 | D:3      | Reached skill level 1 in Ice Magic
  2295 | D:3      | Reached skill level 1 in Air Magic
  2295 | D:3      | Reached skill level 1 in Earth Magic
  2295 | D:3      | Reached skill level 1 in Poison Magic
  2336 | D:3      | Noticed Sigmund
  2342 | D:3      | Killed Sigmund
  2343 | D:3      | Reached XP level 5. HP: 38/38 MP: 12/12
  2343 | D:3      | Reached XP level 6. HP: 44/44 MP: 13/13
  2521 | D:3      | Paralysed by Grinder for 6 turns
  2525 | D:3      | Killed Grinder
  2526 | D:3      | Reached skill level 5 in Dodging
  2526 | D:3      | Reached XP level 7. HP: 24/50 MP: 13/15
  3131 | D:4      | Noticed Menkaure
  3176 | D:4      | Killed Menkaure
  3597 | D:4      | Found a staircase to the Ecumenical Temple.
  4039 | D:4      | Found Lumuag's Distillery.
  4059 | D:4      | Bought a potion of might for 40 gold pieces
  4059 | D:4      | Bought a potion of lignification for 30 gold pieces
  4237 | D:5      | Entered Level 5 of the Dungeon
  4258 | D:5      | Found a white marble altar of Elyvilon.
  4260 | D:5      | Found a shimmering blue altar of Sif Muna.
  4260 | D:5      | Found a broken altar of Ashenzari.
  4265 | D:5      | Found a transporter.
  4299 | D:5      | Found a transporter.
  4562 | D:5      | Found a hide-covered altar of Uskayaw.
  4992 | D:5      | Found a hazy altar of Hepliaklqana.
  5019 | D:5      | Reached XP level 8. HP: 49/57 MP: 16/16
  5555 | D:6      | Found a snail-covered altar of Cheibriados.
  5597 | D:6      | Became a worshipper of Cheibriados the Contemplative
  5831 | D:6      | Noticed Dowan
  5834 | D:6      | Noticed Duvessa
  5868 | D:6      | Killed Dowan
  5940 | D:6      | Killed Duvessa
  6107 | D:6      | Reached XP level 9. HP: 17/64 MP: 18/18
  6735 | D:5      | You fall into a shaft and drop 1 floor!
  6782 | D:7      | Noticed Joseph
  7150 | D:7      | Killed Joseph
  7465 | D:7      | Reached skill level 5 in Short Blades
  7599 | D:7      | Noticed a two-headed ogre
  7600 | D:7      | Noticed Harold
  7620 | D:7      | Noticed Prince Ribbit
  7625 | D:7      | Killed Harold
  7626 | D:7      | Reached skill level 5 in Invocations
  7633 | D:7      | Killed Prince Ribbit
  7848 | D:7      | Killed a two-headed ogre
  7849 | D:7      | Reached skill level 5 in Fighting
  7849 | D:7      | Reached skill level 5 in Long Blades
  7849 | D:7      | Reached skill level 5 in Axes
  7849 | D:7      | Reached skill level 5 in Maces & Flails
  7849 | D:7      | Reached skill level 5 in Polearms
  7849 | D:7      | Reached skill level 5 in Staves
  7849 | D:7      | Reached skill level 5 in Slings
  7849 | D:7      | Reached skill level 5 in Bows
  7849 | D:7      | Reached skill level 5 in Crossbows
  7849 | D:7      | Reached skill level 5 in Throwing
  7849 | D:7      | Reached skill level 5 in Armour
  7849 | D:7      | Reached skill level 5 in Shields
  7849 | D:7      | Reached skill level 5 in Unarmed Combat
  7849 | D:7      | Reached skill level 5 in Evocations
  7849 | D:7      | Reached XP level 10. HP: 61/74 MP: 20/20
  7946 | D:7      | Reached * piety under Cheibriados
  8432 | D:7      | Found an iron altar of Okawaru.
  8862 | D:8      | Noticed a two-headed ogre
  8878 | D:8      | Killed a two-headed ogre
  9070 | D:8      | Found an opulent altar of Gozag.
  9155 | D:8      | Noticed a two-headed ogre
  9159 | D:8      | Killed a two-headed ogre
  9288 | D:8      | Noticed a two-headed ogre
  9302 | D:8      | Killed a two-headed ogre
  9552 | D:8      | Found a shimmering blue altar of Sif Muna.
  9663 | D:8      | Found a bloodstained altar of Trog.
 10114 | D:9      | Reached XP level 11. HP: 79/81 MP: 22/22
 10544 | D:9      | Reached ** piety under Cheibriados
 10694 | D:9      | Reached skill level 5 in Conjurations
 10694 | D:9      | Reached skill level 5 in Summonings
 10694 | D:9      | Reached skill level 5 in Necromancy
 10694 | D:9      | Reached skill level 5 in Translocations
 10694 | D:9      | Reached skill level 5 in Transmutations
 10694 | D:9      | Reached skill level 5 in Fire Magic
 10694 | D:9      | Reached skill level 5 in Ice Magic
 10694 | D:9      | Reached skill level 5 in Air Magic
 10694 | D:9      | Reached skill level 5 in Earth Magic
 10694 | D:9      | Reached skill level 5 in Poison Magic
 11099 | D:9      | Found a staircase to the Orcish Mines.
 11412 | D:10     | Entered Level 10 of the Dungeon
 11431 | D:10     | Noticed Nergalle
 11435 | D:10     | Killed Nergalle
 11559 | D:10     | Killed from afar by a vampire

Illustrated notes

Levels and vault maps discovered:
D:1:      psy_arrival_radial01, layout_basic
D:2:      layout_basic
D:3:      layout_loops_ring, uniq_terence, uniq_sigmund, uniq_grinder
D:4:      layout_cave_pools, minmay_temple_entry_stoned_glass, serial_shops,
          nicolae_shop_waterfront, uniq_menkaure
D:5:      gammafunk_steamed_eel, layout_basic, general_overflow_altar,
          nicolae_overflow_hidden_temple, gammafunk_temple_overflow_forgotten,
          kennysheep_generic_room_6
D:6:      layout_rooms, cheibriados_altar_1, uniq_duvessa
D:7:      layout_cave_pods, nicolae_ossuary_entry_catacombs,
          okawaru_altar_gauntlet_db, uniq_prince_ribbit1, uniq_harold,
          uniq_joseph
D:8:      layout_layer_cave, kennysheep_little_box, hangedman_feature_mirror
D:9:      layout_irregular_city, orc_0_dummy
D:10:     layout_roguey, serial_undead, serial_undead_a, serial_undead_b,
          serial_undead_d, serial_undead_e, uniq_nergalle, uniq_josephine

Skill      XL: |  1  2  3  4  5  6  7  8  9 10 11 |
---------------+----------------------------------+-----
Stealth        | 6 7 8 |  8.7
Spellcasting   | 5 6 7 8 |  8.1
Invocations    | 1 2 3 4 5 6 |  6.8
Fighting       | 1 2 3 5 6 |  6.2
Long Blades    | 1 2 3 5 6 |  6.2
Axes           | 1 2 3 5 6 |  6.2
Maces & Flails | 1 2 3 5 6 |  6.2
Polearms       | 1 2 3 5 6 |  6.2
Staves         | 1 2 3 5 6 |  6.2
Slings         | 1 2 3 5 6 |  6.2
Bows           | 1 2 3 5 6 |  6.2
Crossbows      | 1 2 3 5 6 |  6.2
Throwing       | 1 2 3 5 6 |  6.2
Armour         | 1 2 3 5 6 |  6.2
Shields        | 1 2 3 5 6 |  6.2
Unarmed Combat | 1 2 3 5 6 |  6.2
Evocations     | 1 2 3 5 6 |  6.2
Conjurations   | 1 2 3 4 5 |  5.1
Summonings     | 1 2 3 4 5 |  5.1
Necromancy     | 1 2 3 4 5 |  5.1
Translocations | 1 2 3 4 5 |  5.1
Transmutations | 1 2 3 4 5 |  5.1
Fire Magic     | 1 2 3 4 5 |  5.1
Ice Magic      | 1 2 3 4 5 |  5.1
Air Magic      | 1 2 3 4 5 |  5.1
Earth Magic    | 1 2 3 4 5 |  5.1
Poison Magic   | 1 2 3 4 5 |  5.1
Short Blades   | 3 4 5 6 |  6.8
Dodging        | 5 6 7 |  7.8
Hexes          | 6 7 |  7.6

Action                   |  1- 3 |  4- 6 |  7- 9 | 10-12 || total
-------------------------+-------+-------+-------+-------++-------
Melee: Dagger            |    92 |       |       |       ||    92
       Bite              |    16 |     4 |    43 |    61 ||   124
       Punch             |     1 |       |     6 |    19 ||    26
       Spear             |    14 |    18 |       |       ||    32
       Short sword       |       |    18 |   299 |   235 ||   552
       Rapier            |       |       |       |    48 ||    48
Throw: Dart              |    14 |     9 |    21 |    13 ||    57
Invok: Bend Time         |       |       |     1 |       ||     1
Evoke: Wand              |       |       |     9 |     9 ||    18
  Use: Potion            |       |     2 |     4 |     3 ||     9
       Scroll            |       |     3 |    15 |     5 ||    23
 Stab: Sleeping          |    11 |     3 |     8 |     7 ||    29
       Distracted        |       |       |       |     1 ||     1
Armor: Robe              |    16 |     5 |       |       ||    21
       Scale mail        |       |     2 |    83 |    43 ||   128
       Troll leather arm |       |       |       |    29 ||    29
Dodge: Dodged            |    46 |    14 |   148 |   219 ||   427

Table legend: (Time is in decaauts)
 A = Elapsed time spent in this place.
 B = Non-inter-level travel time spent in this place.
 C = Inter-level travel time spent in this place.
 D = Time resting spent in this place.
 E = Time spent auto-exploring this place.
 F = Levels seen in this place.
 G = Mean time per level.
                   A        B        C        D        E       F      G
               +--------+--------+--------+--------+--------+-----+--------+
         Total |  12450 |  12079 |    371 |    757 |   9238 |  10 | 1245.0 |
       Dungeon |  12450 |  12079 |    371 |    757 |   9238 |  10 | 1245.0 |
               +--------+--------+--------+--------+--------+-----+--------+

Top non-repeatable levels by time:
     D:9: 1785 daAuts
     D:7: 1773 daAuts
     D:6: 1730 daAuts
     D:5: 1490 daAuts
     D:8: 1302 daAuts
     D:3: 1203 daAuts
     D:1: 1066 daAuts
     D:2: 1020 daAuts
     D:4: 909 daAuts
    D:10: 167 daAuts
